cohdb
Replays
Latest Replays
All Replays
Popular Replays
Top Player Replays
Match Explorer
How It Works
Community
CoH3 Stats
Reddit
Sign in to upload your games and track your stats! →
Sign in with Steam
Match 41541497
Unlisted
Match 41541497
Overview
Messages
Build Orders
End
Kradschützen Motorcycle Team
Panzergrenadier Squad
Panzergrenadier Squad
Construct Light Support Kompanie
MG34 Team
2.5-tonne Medical Truck
Fire Support Elements
Selects Italian Infantry
Selects Guastatori Squad
Flakvierling Half-track
le.IG 18 Mechanized Group
Guastatori Squad
Combat Half-tracks
Pak 38 Anti-tank Gun Team
Selects Registered Artillery
Construct Panzerarmee Kommand
Selects Towed Cannone da 105/28 Field Howitzer
Panzer III L Medium Tank
MG34 Team
Towed Cannone da 105/28 Field Howitzer
Selects Defensive Operations
Selects Territory Booby Traps
Walking Stuka Rocket Launcher
Selects Obice 305mm Barrage
Selects Obice 305mm Barrage
Obice 305mm Barrage
Panzerjäger Squad
Panzerjäger Squad
Armored Reserves
Obice 305mm Barrage
Tiger Heavy Tank
Obice 305mm Barrage
Panzergrenadier Squad
Space Dog Mike
Dave
TantheMan415
bobidog101
0
0
Comments
sign in to comment!
No comments posted yet!